 Dungeon Crawl Stone Soup version 0.23-a0-270-gab6feb3 (webtiles) character file.

1176 EvilAliv3 the Chiller (level 8, -7/54 HPs)
             Began as a Formicid Ice Elementalist on Sept 26, 2018.
             Was a Follower of Hepliaklqana.
             Mangled by a troll (16 damage)
             ... on level 6 of the Dungeon on Sept 30, 2018.
             The game lasted 00:55:50 (7667 turns).

EvilAliv3 the Chiller (Formicid Ice Elementalist)   Turns: 7667, Time: 00:55:51

Health: -7/54      AC:  4    Str: 13    XL:     8   Next: 69%
Magic:  9/15       EV: 13    Int: 19    God:    Hepliaklqana [*.....]
Gold:   296        SH:  0    Dex: 11    Spells: 9/16 levels left

rFire    . . .     SeeInvis +   (no weapon)
rCold    . . .     Gourm    .   (no shield)
rNeg     . . .     Faith    .   w - +0 leather armour
rPois    .         Spirit   .   (helmet unavailable)
rElec    .         Reflect  .   (no cloak)
rCorr    .         Harm     .   i - +0 pair of gloves
MR       +....                  (no boots)
Stlth    ++........             (no amulet)
HPRegen  0.18/turn              l - ring of protection from magic
MPRegen  0.14/turn              z - +2 ring of intelligence

@: no status effects
A: permanent stasis, dig shafts and tunnels, four strong arms, reduced essence,
antennae 3
a: Dig, Shaft Self, Recall Ancestor, Ancestor Identity, Renounce Religion


You were on level 6 of the Dungeon.
You worshipped Hepliaklqana.
Hepliaklqana was aware of your devotion.
You were not hungry.

You visited 2 branches of the dungeon, and saw 7 of its levels.

You collected 296 gold pieces.

Inventory:

Hand Weapons
 a - a +2 long sword of flaming
 b - a +4 flail of holy wrath
Armour
 i - a +0 pair of gloves (worn)
 w - a +0 leather armour (worn)
 y - a +0 scale mail
Jewellery
 l - a ring of protection from magic (left hand)
 z - a +2 ring of intelligence (right hand)
Wands
 t - a wand of paralysis (11)
Scrolls
 e - 2 scrolls of immolation
 f - a scroll of amnesia {unknown}
 g - a scroll of fear {unknown}
 m - a scroll of enchant weapon {unknown}
 n - a scroll of magic mapping
 o - a scroll of identify
 q - a scroll of fog {unknown}
 u - 2 scrolls of remove curse
 x - a scroll of holy word {unknown}
Potions
 d - 6 potions of flight
 k - 5 potions of curing
 r - 2 potions of magic
 v - a potion of heal wounds
Comestibles
 c - 11 rations


   Skills:
 + Level 4.5 Fighting
 + Level 0.0 Armour
 + Level 4.3 Dodging
 - Level 2.4 Stealth
 + Level 4.8 Spellcasting
 - Level 0.8 Conjurations
 + Level 2.4 Summonings
 + Level 6.2 Ice Magic


You had 9 spell levels left.
You knew the following spells:

 Your Spells              Type           Power        Failure   Level  Hunger
a - Freeze                Ice            ####         1%          1    None
b - Throw Frost           Conj/Ice       ###...       6%          2    #......
c - Summon Ice Beast      Ice/Summ       ###.....     26%         4    ####...

Your spell library contained the following spells:

 Spells                   Type           Power        Failure   Level  Hunger
 Ensorcelled Hibernation  Hex/Ice        ###...       7%          2    #......
 Call Imp                 Summ           ##......     9%          2    #......
 Magic Dart               Conj           #...         12%         1    None
 Ozocubu's Armour         Chrm/Ice       ###.....     14%         3    ##.....
 Confusing Touch          Hex            #.....       16%         1    None
 Corona                   Hex            #......      16%         1    None
 Slow                     Hex            #.......     24%         2    #......
 Throw Icicle             Conj/Ice       ###.....     36%         4    ####...
 Conjure Flame            Conj/Fire      #.......     38%         3    ##.....
 Dazzling Spray           Conj/Hex       #.....       38%         3    ##.....
 Mephitic Cloud           Conj/Pois/Air  #.......     41%         3    ##.....
 Confuse                  Hex            #.......     43%         3    ##.....
 Gell's Gravitas          Tloc           #.........   43%         3    ##.....
 Tukima's Dance           Hex            #.......     43%         3    ##.....
 Metabolic Englaciation   Hex/Ice        ###.......   77%         5    ######.
 Petrify                  Tmut/Erth      #.......     85%         4    ####...
 Yara's Violent Unravell  Hex/Tmut       #.........   99%         5    ######.
 Blink                    Tloc           Unusable     N/A         2    N/A

Dungeon Overview and Level Annotations

Branches:
Dungeon (6/15)             Temple (1/1) D:5

Altars:
Ashenzari
Cheibriados
Dithmenos
Elyvilon
Fedhas
Gozag
Hepliaklqana
Makhleb
Nemelex Xobeh
Okawaru
Qazlal
Ru
Sif Muna
Trog
Uskayaw
Vehumet
Wu Jian
Xom
Zin
The Shining One

Shops:
D:6 (


Innate Abilities, Weirdness & Mutations

You cannot be hasted, slowed, berserked, paralysed or teleported.
You can dig through walls and to a lower floor.
Your four strong arms can wield two-handed weapons with a shield.
You have a pair of large antennae on your head. (SInv)
Your life essence is reduced to manifest your ancestor. (-10% HP)


Message History

Khain barely misses the troll.
Casting: Summon Ice Beast (quite dangerous; 26% risk of failure)
Confirm with . or Enter, or press ? or * to list all spells.
A chill wind blows around you. The troll bites you! The troll claws you!
The troll claws you.
Khain barely misses the troll.
You see here 4 arrows.
Items here: ! ( ) ? [ a potion of degeneration; a +0 robe; an uncursed shortbow; 12 arrows a scroll of noise
Casting: Summon Ice Beast (quite dangerous; 26% risk of failure)
Confirm with . or Enter, or press ? or * to list all spells.
A chill wind blows around you. The troll bites you!
* * * LOW HITPOINT WARNING * * *
The troll claws you.
* * * LOW HITPOINT WARNING * * *
The troll claws you.
* * * LOW HITPOINT WARNING * * *
You swap places.
The troll bites you!
You die...

##...###.####.# #.##...>..
#.รท####.# #.# #(##.#.##.
#.......####.###### #.##.#.##.
##.######.........# #.#....###
##'## #.##.####.# #......#
##...## #.##..# #.# ###...##
##.....## #.###.# #.# ###.##
##.......###.##..# #.# #..##
#.........##.#..@###.#######...##
'.........'....>YTR..............
#.........####...####.######...##
##.......## ##..####.# #..##
##.....## #....##.# #.##
##...########.##.##R######.##
#................#.#.......#
#..#####.###'###(#.#.##....#
####..# #.# #.# #...#.##.##.#


You could see the friendly Khain the ancestor, a troll and a friendly ice beast.

Vanquished Creatures
  A phantom (D:6)
  An ogre (D:4)
  A centaur (D:6)
  A bullfrog (D:4)
  A crimson imp (D:4)
  2 orc priests
  An iguana (D:4)
  2 orc wizards
  4 worker ants
  13 adders
  A gnoll (D:1)
  A shadow imp (D:6)
  An ooze (D:1)
  5 worms
  A dart slug (D:2)
  2 leopard geckos
  15 orcs
  3 ball pythons
  10 bats
  6 giant cockroaches
  15 goblins
  12 hobgoblins
  4 jackals (D:3)
  2 quokkas (D:2)
  3 frilled lizards
  2 giant cockroach zombies (D:5)
  5 kobolds
  6 rats
121 creatures vanquished.

Vanquished Creatures (collateral kills)
  A phantom (D:5)
  An ogre (D:6)
  A howler monkey (D:6)
  An orc priest (D:5)
  An iguana (D:6)
  2 worker ants
  An orc (D:5)
  A quokka skeleton (D:6)
9 creatures vanquished.

Vanquished Creatures (others)
  4 ancestors (D:6)
4 creatures vanquished.

Grand Total: 134 creatures vanquished

Notes
Turn   | Place    | Note
-------+----------+-------------------------------------------
     0 | D:1      | EvilAliv3 the Formicid Ice Elementalist began the quest for
                  | the Orb.
     0 | D:1      | Reached XP level 1. HP: 13/13 MP: 3/3
   131 | D:1      | Reached XP level 2. HP: 17/20 MP: 0/5
   691 | D:1      | Reached skill level 1 in Fighting
   691 | D:1      | Reached XP level 3. HP: 21/26 MP: 0/6
   695 | D:1      | Learned a level 2 spell: Throw Frost
   918 | D:2      | Found a hide-covered altar of Uskayaw.
  1183 | D:2      | Found a bloodstained altar of Trog.
  1195 | D:2      | Reached XP level 4. HP: 27/32 MP: 2/8
  1360 | D:2      | Found a shimmering altar of Xom.
  1433 | D:2      | Found a blossoming altar of Fedhas.
  1458 | D:2      | Found a deep blue altar of Sif Muna.
  1570 | D:2      | Found a stormy altar of Qazlal.
  2044 | D:3      | Reached skill level 4 in Ice Magic
  2130 | D:3      | Found a sacrificial altar of Ru.
  2137 | D:3      | Reached XP level 5. HP: 35/38 MP: 1/9
  2455 | D:3      | Upgraded the game from 0.23-a0-241-g3b46b07 to
                  | 0.23-a0-270-gab6feb3
  2635 | D:3      | Reached XP level 6. HP: 33/45 MP: 0/10
  3188 | D:4      | Noticed a phantom
  3367 | D:4      | Found a radiant altar of Vehumet.
  3367 | D:4      | Found a burning altar of Makhleb.
  3391 | D:4      | Reached skill level 5 in Ice Magic
  3597 | D:4      | Reached XP level 7. HP: 43/51 MP: 6/12
  3937 | D:4      | Found a glowing golden altar of the Shining One.
  4324 | D:4      | Learned a level 4 spell: Summon Ice Beast
  4851 | D:5      | Entered Level 5 of the Dungeon
  5167 | D:5      | Reached skill level 1 in Summonings
  5257 | D:5      | Found a staircase to the Ecumenical Temple.
  5270 | Temple   | Entered the Ecumenical Temple
  5405 | Temple   | Became a worshipper of Hepliaklqana the Forgotten
  5539 | D:5      | Found a shadowy altar of Dithmenos.
  5719 | D:5      | Reached XP level 8. HP: 17/54 MP: 2/14
  6306 | D:5      | Reached * piety under Hepliaklqana
  6569 | D:6      | Found Ruwinuxi's Antique Weapon Shoppe.
  6945 | D:6      | Found an ornate altar of the Wu Jian Council.
  6960 | D:6      | Reached skill level 6 in Ice Magic
  7478 | D:6      | Noticed a troll
  7667 | D:6      | Mangled by a troll

Vault maps used:
D:1:      ncdulo_wetmaze
D:2:      eat_drink_and_be_merry_uskayaw, led_sif_pool, grunt_qazlal_clouds,
          old_standard_altar, fedhas_altar_2, bloody_trog
D:3:      nicolae_ru_great_annihilating_truth, first_ration, st_stairs_3,
          minmay_misc_feat_nine_boxes
D:4:      grunt_temple_overflow_lords_of_destruction,
          nicolae_tso_carved_into_rock, minmay_ogre_servants
D:5:      minmay_temple_entry_butterflies,
          nicolae_dithmenos_through_a_glass_darkly
D:6:      lemuel_insect_pit, lemuel_doored_altar, serial_shops, shop
Temple:   nicolae_temple_figure_zero

Skill      XL: |  1  2  3  4  5  6  7  8 |
---------------+-------------------------+-----
Dodging        | 2 3 4 |  4.3
Fighting       | 1 2 3 4 |  4.5
Ice Magic      | 4 5 6 |  6.2
Spellcasting   | 3 4 |  4.8
Summonings     | 1 2 |  2.4
Stealth        | |  2.4
Conjurations   | |  0.8

Action                   |  1- 3 |  4- 6 |  7- 9 || total
-------------------------+-------+-------+-------++-------
Melee: Unarmed           |     1 |       |       ||     1
       Short sword       |    13 |    66 |    14 ||    93
       Flail             |       |       |    24 ||    24
       Long sword        |       |       |    27 ||    27
 Cast: Freeze            |    36 |    94 |    77 ||   207
       Throw Frost       |     5 |    36 |    31 ||    72
       Summon Ice Beast  |       |       |     7 ||     7
Invok: Ancestor Identity |       |       |     2 ||     2
 Abil: Dig               |       |     1 |     1 ||     2
  Use: Scroll            |       |       |    12 ||    12
 Stab: Sleeping          |     1 |       |       ||     1
       Invisible         |       |     2 |       ||     2
       Distracted        |       |       |     1 ||     1
  Eat: Chunk             |     2 |     9 |    12 ||    23
       Ration            |       |       |     1 ||     1
Armor: Robe              |    13 |    32 |     6 ||    51
       Leather armour    |       |       |     9 ||     9
Dodge: Dodged            |    40 |   102 |    70 ||   212
       Rpst.: Long sword |       |       |     3 ||     3

Table legend:
 A = Non-vault XP
 B = Vault XP
 C = Vault XP percentage of total XP
 D = Non-vault monster count
 E = Vault monster count
 F = Vault count percentage of total count
                 A         B        C        D         E       F
            +---------+---------+-------+---------+---------+-------
      Total |    1449 |     231 |  13.8 |     114 |      16 |  12.3
            +---------+---------+-------+---------+---------+-------
        D:1 |      41 |       0 |   0.0 |      15 |       0 |   0.0
        D:2 |      70 |       0 |   0.0 |      22 |       0 |   0.0
        D:3 |     180 |      46 |  20.4 |      34 |       7 |  17.1
        D:4 |     341 |     185 |  35.2 |      20 |       9 |  31.0
        D:5 |     290 |       0 |   0.0 |      14 |       0 |   0.0
        D:6 |     527 |       0 |   0.0 |       9 |       0 |   0.0
            +---------+---------+-------+---------+---------+-------
